 Dungeon Crawl Stone Soup version 0.26-a0-649-gf8c6c3aab7 (webtiles) character file.

Game seed: 4404612570447130226

1977 knot the Cleaver (level 9, 58/63 HPs)
             Began as a Demonspawn Berserker on Sept 26, 2020.
             Was an Elder of Trog.
             Quit the game on level 7 of the Dungeon.
             The game lasted 00:12:04 (10346 turns).

knot the Cleaver (Demonspawn Berserker)            Turns: 10346, Time: 00:12:04

Health: 58/63      AC:  6    Str: 17    XL:     9   Next: 0%
Magic:  9/9        EV: 12    Int: 12    God:    Trog [****..]
Gold:   259        SH:  5    Dex: 13    Spells: 8/8 levels left

rFire    . . .     SeeInvis .   m - +0 battleaxe
rCold    . . .     Faith    .   (shield currently unavailable)
rNeg     + . .     Spirit   +   s - +2 robe {MR+}
rPois    .         Reflect  +   (no helmet)
rElec    .         Harm     .   r - +0 cloak
rCorr    .         Rampage  .   (no gloves)
MR       +....                  t - +0 pair of boots
Stlth    +.........             g - amulet of reflection
HPRegen  0.20/turn              B - ring of flight
MPRegen  0.22/turn              y - ring of positive energy

@: no status effects
A: claws 1, spiny 1, magic shield, magic regeneration
a: Berserk, Trog's Hand, Brothers in Arms, Renounce Religion, Evoke Flight


You were on level 7 of the Dungeon.
You worshipped Trog.
Trog was greatly pleased with you.
You visited 2 branches of the dungeon, and saw 8 of its levels.

You collected 259 gold pieces.

Inventory:

Hand Weapons
 m - a +0 battleaxe (weapon)
Missiles
 u - 13 javelins (quivered)
 x - 19 poisoned darts
 D - 3 boomerangs
Armour
 r - a +0 cloak (worn)
 s - a +2 robe of magic resistance (worn)
 t - a +0 pair of boots (worn)
Jewellery
 c - an uncursed ring of resist corrosion
 g - an amulet of reflection (around neck)
 y - a ring of positive energy (right claw)
 B - a ring of flight (left claw)
Wands
 o - a wand of flame (34)
Scrolls
 a - a scroll of enchant armour {unknown}
 d - 12 scrolls of identify {unknown}
 h - 4 scrolls of remove curse
 i - a scroll of magic mapping {unknown}
 l - a scroll of immolation {unknown}
 n - a scroll of blinking {unknown}
 p - a scroll of fog {unknown}
 q - 4 scrolls of teleportation {unknown}
 w - a scroll of random uselessness {unknown}
 A - 3 scrolls of amnesia {unknown}
Potions
 b - 3 potions of flight {unknown}
 e - 2 potions of mutation {unknown}
 f - 2 potions of curing {unknown}
 j - 2 potions of lignification {unknown}
 k - 3 potions of heal wounds {unknown}
 v - a potion of cancellation {unknown}
 z - 2 potions of resistance {unknown}
 C - 2 potions of haste {unknown}
 E - a potion of magic {unknown}


   Skills:
 - Level 3.0 Fighting
 * Level 10.0 Axes
 * Level 4.6 Throwing
 - Level 1.7 Armour
 - Level 1.7 Dodging


You had 8 spell levels left.
You didn't know any spells.
Your spell library was empty.

Dungeon Overview and Level Annotations

Branches:
Dungeon (7/15)             Temple (1/1) D:7

Altars:
Ashenzari
Cheibriados
Dithmenos
Elyvilon
Fedhas
Gozag
Hepliaklqana
Kikubaaqudgha
Makhleb
Nemelex Xobeh
Okawaru
Qazlal
Ru
Sif Muna
Trog
Uskayaw
Vehumet
Wu Jian
Xom
Yredelemnul
Zin
The Shining One


Innate Abilities, Weirdness & Mutations

You have sharp fingernails.
You are partially covered in sharp spines.
When hurt, damage is shared between your health and your magic reserves.
You regenerate magic rapidly.


Message History

The howler monkey hits you. You block the howler monkey's attack.
You slash the howler monkey!
You kill the howler monkey!
Trog accepts your kill.
You slash the howler monkey!
The howler monkey hits you but does no damage.
You hit the howler monkey.
You kill the howler monkey!
Trog accepts your kill.
Found a dagger.
You slice the howler monkey!!
You kill the howler monkey!
Trog accepts your kill.
Your Axes skill increases to level 10!
You have reached level 9!
Your experience leads to an increase in your attributes!
Increase (S)trength, (I)ntelligence, or (D)exterity?
You feel clever.
Your demonic ancestry asserts itself...
Sharp spines emerge from parts of your body.
Are you sure you want to abandon this character and quit the game? (Confirm with "yes".)

......#.........###........
........................
......#.#.#........#.
........)..........#
.#....#.#.#.........(
#.......$............
#....#.#.#...........
............†..####..
....[...####@..# .#
.......## ##†...# .>....
......) ..... .....## ..
.....# ....$.. ....###
...##


There were no monsters in sight!

Vanquished Creatures
  A hippogriff (Temple)
  2 orc warriors
  An ice beast (D:6)
  A necrophage (D:6)
  A black bear (D:6)
  A centaur (D:5)
  3 bullfrogs (D:6)
  A scorpion (D:7)
  3 electric eels (D:5)
  4 howler monkeys
  3 orc priests
  A hound (D:6)
  3 orc wizards (D:6)
  2 iguanas (D:4)
  5 worker ants
  A hound skeleton (D:2)
  2 worker ant zombies
  11 gnolls
  6 adders
  2 white imps
  An ufetubus (D:4)
  2 oozes (D:1)
  2 adder skeletons
  7 worms
  3 dart slugs
  5 leopard geckos
  23 orcs
  8 giant cockroaches
  3 goblins
  5 hobgoblins
  23 jackals
  4 quokkas
  A ball python (D:3)
  13 bats
  7 frilled lizards
  2 kobolds (D:2)
  4 rats
167 creatures vanquished.

Vanquished Creatures (others)
  2 plants (D:5)
2 creatures vanquished.

Grand Total: 169 creatures vanquished

Notes
Turn   | Place    | Note
-------+----------+-------------------------------------------
     0 | D:1      | knot the Demonspawn Berserker began the quest for the Orb.
     0 | D:1      | Reached XP level 1. HP: 18/18 MP: 1/1
   309 | D:1      | Reached skill level 3 in Axes
   323 | D:1      | Gained mutation: When hurt, damage is shared between your
                  | health and your magic reserves. [demonic ancestry]
   323 | D:1      | Reached XP level 2. HP: 17/24 MP: 2/2
  1128 | D:1      | Reached XP level 3. HP: 29/29 MP: 3/3
  1217 | D:1      | Reached skill level 4 in Axes
  1571 | D:1      | Gained mutation: You regenerate magic rapidly. [demonic
                  | ancestry]
  1571 | D:1      | Reached XP level 4. HP: 22/35 MP: 1/4
  2205 | D:2      | Reached ** piety under Trog
  2290 | D:2      | Reached skill level 5 in Axes
  2704 | D:1      | Gained mutation: You have sharp fingernails. [demonic
                  | ancestry]
  2704 | D:1      | Reached XP level 5. HP: 41/41 MP: 5/5
  4556 | D:3      | Found a sparkling altar of Nemelex Xobeh.
  4635 | D:3      | Found a burning altar of Makhleb.
  4760 | D:4      | Reached skill level 6 in Axes
  4760 | D:4      | Reached XP level 6. HP: 39/47 MP: 3/6
  5042 | D:4      | Found a bloodstained altar of Trog.
  5068 | D:4      | Reached *** piety under Trog
  5627 | D:4      | Reached skill level 1 in Throwing
  6274 | D:5      | Entered Level 5 of the Dungeon
  6561 | D:5      | Found a transporter.
  6589 | D:5      | Reached skill level 7 in Axes
  6592 | D:5      | Reached XP level 7. HP: 30/52 MP: 3/7
  6826 | D:5      | Found a transporter.
  7394 | D:5      | Found an ornate altar of the Wu Jian Council.
  7395 | D:5      | Found a shimmering blue altar of Sif Muna.
  7931 | D:6      | Reached skill level 8 in Axes
  8221 | D:6      | Reached XP level 8. HP: 58/58 MP: 8/8
  8527 | D:6      | Reached skill level 9 in Axes
  9121 | D:7      | Noticed a hippogriff
  9132 | D:7      | Found a staircase to the Ecumenical Temple.
  9138 | Temple   | Entered the Ecumenical Temple
  9140 | Temple   | Reached **** piety under Trog
  9502 | Temple   | Killed a hippogriff
 10345 | D:7      | Reached skill level 10 in Axes
 10345 | D:7      | Gained mutation: You are partially covered in sharp spines.
                  | [demonic ancestry]
 10345 | D:7      | Reached XP level 9. HP: 58/63 MP: 9/9
 10346 | D:7      | Quit the game

Illustrated notes

Levels and vault maps discovered:
D:1:      giann_forest_graveyard, layout_loops_ring
D:2:      layout_loops_cross, grunt_ministairs_10
D:3:      layout_loops_corners, nicolae_overflow_hidden_temple, feat_on_display
D:4:      layout_basic, trog_butcher_becter
D:5:      gammafunk_steamed_eel, layout_basic, gammafunk_temple_overflow_pools
D:6:      layout_basic, chequers_garden
D:7:      layout_cave_pools, minmay_temple_entry_wispy, serial_glass,
          glass_columns_b, glass_columns_a
Temple:   nicolae_temple_no_exploring_needed

Skill      XL: |  1  2  3  4  5  6  7  8 |
---------------+-------------------------+-----
Axes           | 3 4 5 6 7 8 10 | 10.0
Throwing       | 1 3 4 |  4.6
Fighting       | |  3.0
Armour         | |  1.7
Dodging        | |  1.7

Action                   |  1- 3 |  4- 6 |  7- 9 || total
-------------------------+-------+-------+-------++-------
Melee: Hand axe          |    75 |   320 |   107 ||   502
       Battleaxe         |       |       |    83 ||    83
Throw: Throwing net      |       |     3 |     2 ||     5
       Dart              |       |    19 |    37 ||    56
       Javelin           |       |       |     2 ||     2
Invok: Berserk           |     2 |    10 |    11 ||    23
       Trog's Hand       |       |     1 |     3 ||     4
Evoke: Wand              |       |     3 |     4 ||     7
  Use: Scroll            |       |     1 |       ||     1
 Stab: Sleeping          |     2 |     5 |     1 ||     8
       Held in net/web   |       |       |     1 ||     1
Armor: Animal skin       |    23 |    19 |       ||    42
       Robe              |       |    38 |    54 ||    92
Dodge: Dodged            |    57 |   213 |   121 ||   391
Block: Other             |     2 |    84 |    46 ||   132
       Reflection        |       |     1 |     1 ||     2

Table legend: (Time is in decaauts)
 A = Elapsed time spent in this place.
 B = Non-inter-level travel time spent in this place.
 C = Inter-level travel time spent in this place.
 D = Time resting spent in this place.
 E = Time spent auto-exploring this place.
 F = Levels seen in this place.
 G = Mean time per level.
                   A        B        C        D        E       F      G
               +--------+--------+--------+--------+--------+-----+--------+
         Total |  10571 |  10180 |    391 |   4447 |   4468 |   8 | 1321.4 |
       Dungeon |   9514 |   9123 |    391 |   3446 |   4468 |   7 | 1359.1 |
        Temple |   1056 |   1056 |      0 |   1001 |      0 |   1 | 1056.0 |
               +--------+--------+--------+--------+--------+-----+--------+

Top non-repeatable levels by time:
     D:1: 2295 daAuts
     D:4: 1606 daAuts
     D:6: 1568 daAuts
     D:3: 1365 daAuts
     D:5: 1316 daAuts
     D:2: 1137 daAuts
  Temple: 1056 daAuts
     D:7: 225 daAuts
